 Dungeon Sprint DCSS version 0.13.2 (webtiles) character file.

1300000 sanboga the Wrestler (level 14, -12/92 HPs)
             Began as a Gargoyle Monk on Apr 5, 2018.
             Was a Priest of Makhleb.
             Mangled by a bag of meat
             ... wielding a +9,+9 war axe
              (31 damage)
             ... in the Dungeon (Sprint VIII: "Arena of Blood").
             The game lasted 00:00:43 (13 turns).

sanboga the Wrestler (Gargoyle Monk)                  Turns: 13, Time: 00:00:43

HP -12/92        AC 12     Str 19      XL: 14   Next: 17%
MP   7/29        EV 19     Int 12      God: Makhleb [***...]
Gold 0           SH  0     Dex 12      Spells:  0 memorised, 29 levels left

Res.Fire  : . . .   See Invis. : .   i - +∞ Axe of Woe
Res.Cold  : . . .   Warding    : .   a - +0 robe
Life Prot.: + . .   Conserve   : .   (no shield)
Res.Poison: +       Res.Corr.  : .   (no helmet)
Res.Elec. : +       Clarity    : .   (no cloak)
Sust.Abil.: . .     Spirit.Shd : .   (no gloves)
Res.Mut.  : .       Prev.Telep.: +   (no boots)
Res.Rott. : +       Flight     : .   (no amulet)
Saprovore : . . .                    (no ring)
                                     (no ring)

@: somewhat resistant to hostile enchantments, quite stealthy
A: large and strong wings, fangs 1, talons 2, life protection 1, electricity
resistance, slow metabolism 1, unbreathing, petrification resistance, AC +9
a: Fly, Minor Destruction, Lesser Servant of Makhleb, Renounce Religion


You were in the Dungeon.
You worshipped Makhleb.
Makhleb was most pleased with you.
You were not hungry.

You visited 1 branch

Inventory:

Hand weapons
 i - the +∞,+∞ Axe of Woe (weapon)
   (You found it in the Dungeon)
Armour
 a - a +0 robe (worn)
Comestibles
 b - a bread ration
Scrolls
 h - a scroll of blinking
Potions
 c - a potion of curing
 d - a potion of heal wounds
 e - a potion of speed
 f - 2 potions of magic
 g - a potion of berserk rage


   Skills:
 + Level 16.3 Fighting
 * Level 8.7 Axes
 * Level 9.5 Throwing
 * Level 10.0 Armour
 + Level 13.1 Dodging
 + Level 7.1 Stealth
 + Level 24.1 Unarmed Combat
 * Level 8.3 Spellcasting
 * Level 9.9 Invocations


You had 29 spell levels left.
You didn't know any spells.

Dungeon Overview and Level Annotations

Branches:
Dungeon (1/1)

Altars:
Makhleb


Innate Abilities, Weirdness & Mutations

You are resistant to torment.
You are immune to poison.
You can fly continuously.
Your stone body is very resilient (AC +9).
Your wings are large and strong.
You have very sharp teeth.
You have razor-sharp toenails.
You resist negative energy.
You are resistant to electric shocks.
You have a slow metabolism.
You can survive without breathing.
You are immune to petrification.


Message History

Your Fighting skill increases to level 16!
Your Axes skill increases to level 8!
Your Throwing skill increases to level 9!
Your Armour skill gained 2 levels and is now at level 10!
Your Dodging skill increases to level 13!
Your Stealth skill increases to level 7!
Your Unarmed Combat skill increases to level 24!
Your Spellcasting skill increases to level 8!
Your Invocations skill increases to level 9!
You have reached level 14!
Your wings grow larger and stronger.
You can now fly continuously.
You hear a shout!
The meat berserker hits you with a +9,+9 battleaxe!
You hear a shout!
The bag of meat hits you with a +9,+9 war axe!
* * * LOW HITPOINT WARNING * * *
You hear a shout!
The bag of meat hits you with a +9,+9 war axe!
You die...

.... ..... .. .......
#... .# o..#.... #....
..# .#......###....
..###.
...o..........###......
....o.#........_......
....#.......#.....#
#....)oo...#_.<._#
#..@Oo..#.....#..
.......#o).O...._......
.......o......###......
.........###.......###.
.......... #.......#
..........#.......#
#.................
#.#............ ....
......


You could see 2 meat berserkers and 8 bags of meat.

Vanquished Creatures
  2 ogres (D)
  2 orcs (D)
4 creatures vanquished.

Notes
Turn   | Place    | Note
--------------------------------------------------------------
     0 | D        | sanboga, the Gargoyle Monk, began the quest for the Orb.
     0 | D        | Reached XP level 1. HP: 12/12 MP: 0/0
     4 | D        | Became a worshipper of Makhleb the Destroyer
     4 | D        | Acquired Makhleb's first power
     4 | D        | Acquired Makhleb's second power
     6 | D        | Noticed a bag of meat
     6 | D        | Noticed a bag of meat
     6 | D        | Noticed a bag of meat
     8 | D        | Noticed a meat berserker
     8 | D        | Noticed a bag of meat
     9 | D        | Noticed a bag of meat
    10 | D        | Noticed a bag of meat
    10 | D        | Noticed a bag of meat
    11 | D        | Noticed a meat berserker
    11 | D        | Noticed a meat berserker
    11 | D        | Killed a meat berserker
    11 | D        | Reached skill level 14 in Fighting
    11 | D        | Reached skill level 21 in Unarmed Combat
    11 | D        | Reached XP level 2. HP: 18/20 MP: 1/1
    11 | D        | Reached XP level 3. HP: 22/25 MP: 2/2
    11 | D        | Reached XP level 4. HP: 28/32 MP: 3/3
    11 | D        | Reached XP level 5. HP: 31/36 MP: 4/4
    11 | D        | Reached XP level 6. HP: 37/43 MP: 5/5
    11 | D        | Reached XP level 7. HP: 41/48 MP: 6/6
    11 | D        | Reached XP level 8. HP: 46/55 MP: 7/7
    11 | D        | Reached XP level 9. HP: 50/60 MP: 8/8
    11 | D        | Reached XP level 10. HP: 55/66 MP: 9/9
    11 | D        | Reached XP level 11. HP: 60/72 MP: 10/10
    12 | D        | Noticed a meat berserker
    12 | D        | Noticed a bag of meat
    13 | D        | Noticed a bag of meat
    13 | D        | Killed a bag of meat
    13 | D        | Reached skill level 15 in Fighting
    13 | D        | Reached skill level 5 in Axes
    13 | D        | Reached skill level 5 in Throwing
    13 | D        | Reached skill level 22 in Unarmed Combat
    13 | D        | Reached skill level 5 in Spellcasting
    13 | D        | Reached XP level 12. HP: 26/79 MP: 7/22
    13 | D        | Killed a bag of meat
    13 | D        | Reached skill level 23 in Unarmed Combat
    13 | D        | Reached XP level 13. HP: 75/85 MP: 7/26
    13 | D        | Killed a meat berserker
    13 | D        | Acquired Makhleb's third power
    13 | D        | Reached skill level 10 in Armour
    13 | D        | Reached skill level 24 in Unarmed Combat
    13 | D        | Gained mutation: Your wings are large and strong. [gargoyle growth]
    13 | D        | Reached XP level 14. HP: 80/92 MP: 7/29
    13 | D        | Mangled by a bag of meat

Action                   |  1- 3 |  4- 6 |  7- 9 | 10-12 | 13-15 || total
-------------------------+-------+-------+-------+-------+-------++-------
Melee: Executioner's axe |     1 |       |       |     1 |       ||     2
